 Dungeon Crawl Stone Soup version 0.30-a0-283-gf371ce1921 (webtiles) character file.

Game seed: 15824148058084466800

314614 Angani the Bewitcher (level 20, -10/170 HPs)
             Began as a Yellow Draconian Hexslinger on Oct 14, 2022.
             Was a High Priest of Ashenzari.
             Mangled by Mennas
             ... wielding a +0 sacred scourge of holy wrath
              (12 damage)
             ... on level 2 of the Vaults on Oct 17, 2022.
             The game lasted 03:25:36 (59448 turns).

Angani the Bewitcher (Yellow Draconian Hexslinger) Turns: 59448, Time: 03:25:36

Health: -10/170    AC: 18    Str: 16    XL:     20   Next: 49%
Magic:  56/56      EV: 18    Int: 27    God:    Ashenzari [*****.]
Gold:   5336       SH:  0    Dex: 15    Spells: 3/46 levels left

rFire   + + .      SeeInvis +    o - +7 arbalest "Norgho" {penet, rN+ Dex+2}
rCold   + + +      Faith    +    (shield currently unavailable)
rNeg    + . .      Spirit   .    (body armour unavailable)
rPois   +          Reflect  .    H - +3 hat of Pondering {ponderous, Will+ MP+10 Int+5, Bglg, Self} (curse)
rElec   +          Harm     .    c - scarf "Gnostic Inaction" {rC+ rF+, Elem, Self} (curse)
rCorr   +          Rampage  .    C - +2 pair of gloves of Ashenzari's Gloom {Evo, Elem} (curse)
Will    ++++.      Clarity  +    g - +1 pair of boots of Ashenzari's Moon {rElec Will+, Evo, Range} (curse)
Stlth   ++........               f - amulet of the Cursed Omen {Faith, Evo, Cun} (curse)
HPRegen 0.48/turn                L - ring of Supernal Wisdom {rC+ Will+ Str+6, Cun, Range} (curse)
MPRegen 0.35/turn                h - ring "Manifest Loss" {rPois rC++ MP+9 Str-2 Slay+4, Bglg, Cun} (curse)

@: resistant, hasted, glowing, very quick
A: spit acid, AC +10, unfitting armour, acidic bite, cold-blooded, acid
resistance
}: 2/15 runes: serpentine, barnacled
a: Breathe Acid, Renounce Religion, Curse Item, Shatter the Chains


You were on level 2 of the Vaults.
You worshipped Ashenzari.
Ashenzari was extremely pleased with you.
You visited 7 branches of the dungeon, and saw 35 of its levels.
You visited 1 bazaar.
You also visited: Bailey.

You collected 8325 gold pieces.
You spent 2989 gold pieces at shops.

Inventory:

Hand Weapons
 o - the +7 arbalest "Norgho" (weapon) {penet, rN+ Dex+2}
   (You found it on level 3 of the Elven Halls)

   Any ammunition fired by it passes through the targets it hits, potentially
   hitting all targets in its path until it reaches maximum range.
   Dex:       It affects your dexterity (+2).
   rN:        It protects you from negative energy.
 T - a +1 vorpal triple crossbow
Missiles
 M - 8 throwing nets
Armour
 c - the cursed scarf "Gnostic Inaction" (worn) {rC+ rF+, Elem, Self}
   (You found it on level 1 of the Dungeon)

   It has a curse which improves the following skills: Elements: Fire Magic, Ice
   Magic, Air Magic and Earth Magic.
   Introspection: Fighting and Spellcasting.
 g - the cursed +1 pair of boots of Ashenzari's Moon (worn) {rElec Will+, Evo, Range}
   (You bought it in a shop on level 3 of the Elven Halls)

   rElec:     It insulates you from electricity.
   Will:      It increases your willpower.
   It has a curse which improves the following skills: Evocations: Evocations.
   Ranged Combat: Ranged Weapons and Throwing.
 C - the cursed +2 pair of gloves of Ashenzari's Gloom (worn) {Evo, Elem}
   (You found it on level 5 of the Dungeon)

   It has a curse which improves the following skills: Evocations: Evocations.
   Elements:  Fire Magic, Ice Magic, Air Magic and Earth Magic.
 G - the +2 ratskin cloak {*Rats rPois rN+ Str-1 Int-1 Dex+1}
   (You found it on level 8 of the Dungeon)

   When the wearer is hurt, rats may emerge from it to assist them.
   Str:       It affects your strength (-1).
   Int:       It affects your intelligence (-1).
   Dex:       It affects your dexterity (+1).
   rPois:     It protects you from poison.
   rN:        It protects you from negative energy.
 H - the cursed +3 hat of Pondering (worn) {ponderous, Will+ MP+10 Int+5, Bglg, Self}
   (You took it off Gastronok on level 8 of the Dungeon)

   Int:       It affects your intelligence (+5).
   MP:        It affects your magic capacity (+10).
   Will:      It increases your willpower.
   It has a curse which improves the following skills: Beguiling: Conjurations,
   Hexes and Translocations.
   Introspection: Fighting and Spellcasting.
 S - a +0 scale mail
Jewellery
 f - the cursed amulet of the Cursed Omen (around neck) {Faith, Evo, Cun}
   (You found it on level 1 of the Dungeon)

   [amulet of faith]

   It allows you to gain divine favour quickly.
   It has a curse which improves the following skills: Evocations: Evocations.
   Cunning:   Dodging and Stealth.
 h - the cursed ring "Manifest Loss" (right hand) {rPois rC++ MP+9 Str-2 Slay+4, Bglg, Cun}
   (You acquired it on level 2 of the Lair of Beasts)

   [ring of slaying]

   Str:       It affects your strength (-2).
   Slay:      It affects your accuracy & damage with ranged weapons and melee
   (+4).
   rC:        It greatly protects you from cold.
   rPois:     It protects you from poison.
   MP:        It affects your magic capacity (+9).
   It has a curse which improves the following skills: Beguiling: Conjurations,
   Hexes and Translocations.
   Cunning:   Dodging and Stealth.
 L - the cursed ring of Supernal Wisdom (left hand) {rC+ Will+ Str+6, Cun, Range}
   (You took it off an ogre mage on level 15 of the Dungeon)

   [ring of strength]

   Str:       It affects your strength (+6).
   rC:        It protects you from cold.
   Will:      It increases your willpower.
   It has a curse which improves the following skills: Cunning: Dodging and
   Stealth.
   Ranged Combat: Ranged Weapons and Throwing.
Wands
 z - a wand of charming (26)
 B - a wand of acid (22)
 I - a wand of mindburst (29)
 N - a wand of roots (4)
 P - a wand of flame (44)
 R - a wand of digging (13)
Scrolls
 a - 8 scrolls of enchant armour
 b - 4 scrolls of poison
 e - 3 scrolls of amnesia
 k - 4 scrolls of butterflies
 n - 5 scrolls of fear
 w - 3 scrolls of immolation
 x - 4 scrolls of silence
 K - 12 scrolls of teleportation
 O - a scroll of brand weapon
Potions
 d - 15 potions of curing
 i - 12 potions of attraction
 j - 4 potions of cancellation
 l - 2 potions of ambrosia
 m - 4 potions of magic
 p - 7 potions of brilliance
 q - 13 potions of flight
 s - 6 potions of haste
 t - 7 potions of mutation
 u - 7 potions of lignification
 A - 3 potions of might
 D - 5 potions of invisibility
 E - a potion of berserk rage
Miscellaneous
 r - a phial of floods
 v - a lightning rod (4/4)
 y - a condenser vane (inert)
 Q - a tin of tremorstones (2/2)
 V - a box of beasts (inert)
 X - a phantom mirror (inert)


   Skills:
 - Level 9.1(12.6) Fighting
 - Level 17.0(20.3) Ranged Weapons
 + Level 7.6(12.1) Dodging
 - Level 7.0(11.5) Stealth
 - Level 10.2(13.7) Spellcasting
 - Level 17.0(20.3) Hexes
 - Level 11.0 Transmutations
 - Level 16.3(19.6) Air Magic
 - Level 10.7(14.2) Earth Magic
 - Level 7.6 Poison Magic


You had 3 spell levels left.
You knew the following spells:

 Your Spells              Type           Power      Damage    Failure   Level
a - Slow                  Hex            100%       N/A       0%          1
b - Inner Flame           Hex/Fire       65%        N/A       1%          3
c - Poisonous Vapours     Pois/Air       100%       N/A       0%          2
d - Sublimation of Blood  Necr           18%        N/A       4%          2
e - Tukima's Dance        Hex            91%        N/A       0%          3
f - Portal Projectile     Hex/Tloc       100%       N/A       1%          3
g - Cause Fear            Hex            45%        N/A       0%          4
h - Olgreb's Toxic Radia  Pois           56%        N/A       1%          4
i - Statue Form           Tmut/Erth      48%        N/A       2%          6
j - Storm Form            Tmut/Air       39%        N/A       4%          7
k - Maxwell's Capacitive  Air            45%        ∞         6%          8

Your spell library contained the following spells:

 Spells                   Type           Power      Damage    Failure   Level
 Sandblast                Erth           100%       2d20      0%          1
 Confusing Touch          Hex            91%        N/A       0%          3
 Swiftness                Air            90%        N/A       0%          3
 Shock                    Conj/Air       100%       1d9       1%          1
 Sting                    Tmut/Pois      100%       1d8       1%          1
 Cigotuvi's Dreadful Rot  Necr/Pois/Air  100%       N/A       1%          2
 Ensorcelled Hibernation  Hex/Ice        100%       N/A       1%          2
 Passwall                 Tmut/Erth      60%        N/A       1%          2
 Wereblood                Tmut           67%        N/A       1%          2
 Dazzling Flash           Conj/Hex       100%       N/A       1%          3
 Stone Arrow              Conj/Erth      100%       3d13      1%          3
 Foxfire                  Conj/Fire      84%        2x1d8     2%          1
 Freeze                   Ice            84%        1d9       2%          1
 Frozen Ramparts          Ice            42%        1d7       8%          3
 Gell's Gravitas          Tloc           21%        N/A       8%          3
 Hailstorm                Conj/Ice       21%        3d6       8%          3
 Lesser Beckoning         Tloc           42%        N/A       8%          3
 Ozocubu's Armour         Ice            21%        N/A       8%          3
 Teleport Other           Tloc           21%        N/A       8%          3
 Airstrike                Air            45%        2d(7-23)  0%          4
 Leda's Liquefaction      Hex/Erth       42%        N/A       1%          4
 Petrify                  Tmut/Erth      72%        N/A       1%          4
 Summon Lightning Spire   Summ/Air       64%        N/A       1%          4
 Blade Hands              Tmut           33%        N/A       1%          5
 Metabolic Englaciation   Hex/Ice        32%        N/A       1%          5
 Silence                  Hex/Air        45%        N/A       1%          5
 Yara's Violent Unravell  Hex/Tmut       40%        3d16      1%          5
 Enfeeble                 Hex            45%        N/A       1%          7
 Ice Form                 Ice/Tmut       49%        N/A       2%          4
 Irradiate                Conj/Tmut      24%        3d19      8%          5
 Iron Shot                Conj/Erth      27%        9d6       22%         6
 Iskenderun's Mystic Bla  Conj/Tloc      21%        2d6       24%         4
 Passage of Golubria      Tloc           21%        N/A       24%         4
 Fireball                 Conj/Fire      10%        3d6       56%         5
 Agony                    Necr           18%        N/A       63%         5
 Dispersal                Tloc           10%        N/A       98%         6
 Starburst                Conj/Fire      10%        6d5       98%         6
 Simulacrum               Ice/Necr       9%         N/A       99%         6
 Ozocubu's Refrigeration  Ice            10%        4d9       100%        7
 Summon Hydra             Summ           9%         N/A       100%        7
 Chain Lightning          Conj/Air       32%        3d42      100%        9
 Animate Armour           Summ/Erth      Unusable   N/A       N/A         4

Dungeon Overview and Level Annotations

Branches:
Dungeon (15/15)            Temple (0/1) D:6            Lair (5/5) D:9
 Shoals (4/4) Lair:2        Snake (4/4) Lair:3        Slime (0/5) Lair:5
    Orc (2/2) D:12            Elf (3/3) Orc:2        Vaults (2/5) D:14
 Depths (0/4) D:15         Bailey (visited)
  Crypt: Vaults:2-3

Altars:
Ashenzari
Cheibriados
Dithmenos
Fedhas
Hepliaklqana
Kikubaaqudgha
Okawaru
Ru
Sif Muna
Trog
Vehumet
Wu Jian
Xom
Yredelemnul
Jiyva

Shops:
D:6 *   D:9 =[[(   D:10 !   D:11 *   D:15 [*[=   Orc:2 (=*[   Elf:2 [
Elf:3 *[   Snake:1 !   Snake:3 *   Snake:4 (

Annotations:
D:4 2 transporters
D:5 exclusion: downstairs
D:9 1 transporter
D:13 exclusion: 2 downstairs
Shoals:3 2 transporters, LetschGu's ghost, adept SpHs
Snake:1 3 runed translucent doors, exclusion: 3 doors, Kimm's ghost, adept HOFi
Elf:1 6 runed translucent doors, exclusion: downstairs
Elf:2 4 runed translucent doors, exclusion: door, DiceMaster's ghost, adept GnRe
Vaults:2 Mennas


Innate Abilities, Weirdness & Mutations

You can spit globs of acid.
Your golden yellow scales are hard. (AC +10)
You cannot fit into any form of body armour.
You have acidic saliva.
You are cold-blooded and may be slowed by cold attacks.
You are resistant to acid. (rCorr)


Message History

Mennas hits you with a +0 sacred scourge of holy wrath.
Mennas hits you with a +0 sacred scourge of holy wrath!
* * * LOW HITPOINT WARNING * * *
Mennas gestures frantically.
Mennas is healed somewhat.
Unknown command.
Aiming: Corrosive Bolt
Press: ? - help, Shift-Dir - straight line, f/p - Mennas
Aim: Mennas, wielding a +0 sacred scourge of holy wrath and wearing a +2 tower shield (severely wounded, inner flame, haloed, 43% to hit)
The bolt of acid hits Mennas.
The acid corrodes Mennas!
Flame seeps out of Mennas.
Mennas is severely wounded.
Mennas is engulfed in blazing flames.
Flame seeps out of Mennas.
Mennas gestures frantically.
Mennas is healed somewhat.
Aiming: Corrosive Bolt
Press: ? - help, Shift-Dir - straight line, f/p - Mennas
Aim: Mennas, wielding a +0 sacred scourge of holy wrath and wearing a +2 tower shield (flame, severely wounded, inner flame, covered in acid, haloed, 43% to hit)
The bolt of acid misses Mennas.
Mennas is engulfed in blazing flames.
Flame seeps out of Mennas.
Mennas hits you with a +0 sacred scourge of holy wrath!
* * * LOW HITPOINT WARNING * * *
Mennas hits you with a +0 sacred scourge of holy wrath!
* * * LOW HITPOINT WARNING * * *
Unknown command.
The box of beasts is presently inert.
Mennas is nearby!
Unknown command.
Unknown command.
Aiming: Corrosive Bolt
Press: ? - help, Shift-Dir - straight line, f/p - Mennas
Aim: Mennas, wielding a +0 sacred scourge of holy wrath and wearing a +2 tower shield (flame, severely wounded, inner flame, covered in acid, haloed, 43% to hit)
The bolt of acid hits Mennas!
Mennas seems to be corroded for longer.
Flame seeps out of Mennas.
Mennas is almost dead.
Mennas is engulfed in blazing flames.
Flame seeps out of Mennas.
Mennas hits you with a +0 sacred scourge of holy wrath!!
* * * LOW HITPOINT WARNING * * *
Mennas hits you with a +0 sacred scourge of holy wrath!
You die...

....#.#...'...## ##.>.#....######
..###.#...#....###....#....#.....
..#.......##....#....##....#.....
..#.#.#...###.......###....#.....
....#.#...# ##.....## #....#.....
..#.###...# ##...## #....#.....
..#.#.....#############....#.....
..#.#.#...#...°............#.....
..#.#.#...#....A@..........#.....
###########....°...........#.....
...........................#'####
...............°.................
.........°°°.....................
#################################


You could see Mennas (inner flame, corroded).

Vanquished Creatures
  Mara (Vaults:2)
  Saint Roka (Elf:2)
  Zenata (Vaults:2)
  Rupert (D:14)
  Jorgrun (D:14)
  2 deep elf blademasters (Elf:3)
  Asterion (Elf:1)
  2 quicksilver dragons (Snake:4)
  Polyphemus (Shoals:2)
  A kraken (Shoals:1)
  2 deep elf master archers (Elf:3)
  Frances (Shoals:1)
  A sphinx (Vaults:2)
  Gastronok (D:8)
  Kirke (D:12)
  5 nagarajas (Snake:4)
  A fire giant (D:15)
  Roxanne (Shoals:1)
  4 deep elf sorcerers
  2 vault wardens
  Aizul (Snake:1)
  4 deep elf elementalists
  2 orc warlords
  A war gargoyle (Vaults:1)
  A stone giant (Vaults:1)
  8 ironbound preservers
  8 deep elf demonologists
  7 deep elf annihilators (Elf:3)
  4 ironbound thunderhulks
  An ettin (Orc:2)
  10 deep elf death magi
  A crystal guardian (Vaults:1)
  6 merfolk impalers
  4 yaktaur captains
  4 merfolk javelineers
  3 entropy weavers
  4 great orbs of eyes
  3 deep elf high priests
  5 salamander tyrants (Snake:4)
  4 catoblepae
  7 hydras
  6 merfolk avatars
  A peacekeeper (Vaults:1)
  5 ironbound frosthearts
  14 centaur warriors
  An ogre mage (D:15)
  6 satyrs
  3 tengu warriors
  6 two-headed ogres
  3 merfolk aquamancers
  12 naga sharpshooters
  7 boulder beetles
  12 death yaks
  10 anacondas
  11 naga warriors
  4 orc high priests
  4 shock serpents
  7 deep elf knights
  Nergalle (Lair:1)
  Amaemon (D:11)
  12 sea snakes
  A glowing orange brain (Vaults:2)
  4 salamander mystics
  30 deep trolls
  An orb spider (shapeshifter) (Elf:1)
  5 naga ritualists
  13 deep elf archers
  5 lindwurms (Vaults:1)
  19 deep elf pyromancers
  A kraken simulacrum (Shoals:4)
  11 ironbound convokers
  5 orc knights
  3 wizards
  15 mana vipers
  23 deep elf zephyrmancers
  24 harpies
  13 ugly things
  A manticore (shapeshifter) (D:14)
  9 orc sorcerers
  12 manticores
  11 fauns
  19 salamanders
  An oklob plant (Lair:5)
  9 vault sentinels
  6 cyclopes
  Maurice (D:8)
  7 guardian serpents
  18 naga magi
  6 elephants (Lair:5)
  36 black mambas
  8 water nymphs
  17 merfolk sirens
  An orange demon (D:11)
  A gargoyle (D:10)
  A torpor snail (Lair:5)
  2 unseen horror zombies (D:10)
  3 komodo dragons
  10 cane toads
  2 rime drakes
  14 dancing weapons
  Maggie (Lair:1)
  6 yaktaurs (Vaults:1)
  A kobold demonologist (D:12)
  A tengu conjurer (D:15)
  27 merfolk
  A queen bee (shapeshifter) (D:14)
  7 hornets
  6 polar bears
  A tarantella (shapeshifter) (D:14)
  5 wind drakes
  5 trolls
  9 slime creatures
  5 snapping turtles
  3 air elementals
  21 blink frogs
  A dream sheep (Lair:5)
  A jumping spider (Vaults:1)
  4 wraiths
  A culicivora (Vaults:1)
  12 spriggans (Lair:5)
  26 yaks
  16 humans (D:14)
  7 hogs (D:12)
  6 wyverns
  A fire elemental (Elf:1)
  10 water elementals
  3 basilisks
  2 redbacks
  15 vampire mosquitoes
  Menkaure (D:5)
  Edmund (D:5)
  5 wargs
  40 nagas
  19 water moccasins
  Duvessa (D:6)
  44 orc warriors
  4 black bears
  2 sky beasts (D:6)
  11 ogres
  2 ice beasts
  11 boggarts
  10 centaurs
  22 wolves
  2 phantoms
  3 kobold brigands (D:12)
  10 bullfrogs
  2 gnoll sergeants
  3 scorpions
  A water moccasin zombie (D:7)
  3 earth elementals
  13 wights
  Dowan (D:6)
  3 killer bees (D:10)
  4 electric eels
  8 howler monkeys
  2 jellies
  10 centaur zombies
  4 hounds
  25 orc priests
  4 gnoll boudas
  5 iguanas
  2 hell rats (D:9)
  33 orc wizards
  2 howler monkey zombies
  9 adders
  24 gnolls
  A river rat (D:9)
  A white imp (D:5)
  An ufetubus (D:5)
  4 worms
  A dart slug (D:1)
  85 orcs
  5 ball pythons
  3 endoplasms
  A giant cockroach (D:3)
  9 hobgoblins
  8 jackals
  5 quokkas
  A training dummy (Snake:4)
  9 bats
  7 frilled lizards
  11 goblins
  22 kobolds
  9 rats
  2 bushes
  A butterfly (Lair:1)
  A tentacle (Shoals:1)
1350 creatures vanquished.

Vanquished Creatures (collateral kills)
  A deep elf elementalist (Elf:3)
  An orc priest (D:9)
  An orc (D:9)
3 creatures vanquished.

Vanquished Creatures (others)
  A water elemental (Elf:2)
  An orc (Elf:2)
  3 bushes (Lair:5)
  29 fungi
  147 plants
  11 tentacles
  4 withered plants (D:7)
196 creatures vanquished.

Grand Total: 1549 creatures vanquished

Notes
Turn   | Place    | Note
-------+----------+-------------------------------------------
     0 | D:1      | Angani the Draconian Hexslinger began the quest for the
                  | Orb.
     0 | D:1      | Reached XP level 1. HP: 16/16 MP: 2/2
   145 | D:1      | Reached XP level 2. HP: 12/23 MP: 4/4
   605 | D:1      | Reached XP level 3. HP: 28/28 MP: 5/5
   609 | D:1      | Learned a level 3 spell: Inner Flame
   733 | D:2      | Identified the +7 chain mail of Dust Devil {Str+3}
  1095 | D:2      | Found a broken altar of Ashenzari.
  1107 | D:2      | Became a worshipper of Ashenzari the Shackled
  1742 | D:3      | Reached XP level 4. HP: 35/35 MP: 7/7
  1751 | D:3      | Learned a level 2 spell: Poisonous Vapours
  1800 | D:3      | Found a faded altar of an unknown god.
  1825 | D:3      | Learned a level 2 spell: Sublimation of Blood
  2085 | D:3      | Found an ancient bone altar of Kikubaaqudgha.
  2182 | D:4      | Noticed a centaur
  2183 | D:4      | Found an iron altar of Okawaru.
  2183 | D:4      | Found a radiant altar of Vehumet.
  2183 | D:4      | Noticed a wyvern
  2187 | D:4      | Found a transporter.
  2247 | D:4      | Reached * piety under Ashenzari
  2320 | D:4      | Reached skill level 1 in Poison Magic
  2353 | D:4      | Reached XP level 5. HP: 40/40 MP: 8/10
  2552 | D:4      | Reached XP level 6. HP: 27/47 MP: 11/11
  2990 | D:4      | Found a transporter.
  3231 | D:5      | Entered Level 5 of the Dungeon
  3231 | D:5      | Identified the +3 leather armour "Gitzoz" {rC- rN++ Int+4}
  3255 | D:5      | Found a snail-covered altar of Cheibriados.
  3262 | D:5      | Reached ** piety under Ashenzari
  3297 | D:5      | Noticed Edmund
  3303 | D:5      | Killed Edmund
  3304 | D:5      | Your scales start taking on a golden yellow colour.
  3304 | D:5      | Reached XP level 7. HP: 53/53 MP: 8/14
  3304 | D:5      | Gained mutation: You are resistant to acid. (rCorr) [Yellow
                  | Draconian growth]
  3384 | D:5      | Noticed Menkaure
  3387 | D:5      | Killed Menkaure
  3661 | D:6      | Reached skill level 5 in Hexes
  3664 | D:6      | Reached XP level 8. HP: 47/61 MP: 11/16
  3687 | D:6      | Noticed Duvessa
  3691 | D:6      | Killed Duvessa
  3694 | D:6      | Noticed Dowan
  3880 | D:6      | Found a staircase to the Ecumenical Temple.
  3939 | D:6      | Reached skill level 5 in Ranged Weapons
  3986 | D:6      | Reached skill level 5 in Spellcasting
  4155 | D:6      | Found Sug Ulukh's Assorted Antiques.
  4169 | D:6      | Reached *** piety under Ashenzari
  4219 | D:6      | Learned a level 3 spell: Tukima's Dance
  4341 | D:6      | Killed Dowan
  4341 | D:6      | Killed a +0 dagger
  4342 | D:6      | Reached skill level 5 in Poison Magic
  4592 | D:6      | Learned a level 3 spell: Portal Projectile
  4597 | D:6      | Learned a level 4 spell: Cause Fear
  4787 | D:7      | Reached XP level 9. HP: 65/67 MP: 19/19
  4835 | D:7      | Paralysed by a hornet for 3 turns
  5519 | D:7      | Learned a level 4 spell: Olgreb's Toxic Radiance
  5941 | D:8      | Reached **** piety under Ashenzari
  5963 | D:8      | Identified the +1 ring mail of the Blacksmith {rC- rCorr
                  | Int+3}
  5986 | D:8      | Found a hazy altar of Hepliaklqana.
  5990 | D:8      | Found a sacrificial altar of Ru.
  5990 | D:8      | Found a shadowy altar of Dithmenos.
  6154 | D:8      | Found the +2 ratskin cloak {*Rats rPois rN+ Str-1 Int-1
                  | Dex+1}
  6302 | D:8      | Noticed Gastronok
  6414 | D:8      | Killed Gastronok
  6415 | D:8      | Reached XP level 10. HP: 52/73 MP: 22/22
  6626 | D:8      | Noticed Maurice
  6658 | D:8      | Killed Maurice
  7045 | D:7      | Reached ***** piety under Ashenzari
  7077 | D:9      | Found Gappo's Armour Shop.
  7077 | D:9      | Found Reka's Armour Shop.
  7086 | D:9      | Bought a +2 buckler of protection for 279 gold pieces
  7160 | D:9      | Found Esuguax's Weapon Shoppe.
  7176 | D:9      | Noticed a death yak
  7180 | D:9      | Noticed a death yak
  7181 | D:9      | Noticed a death yak
  7181 | D:9      | Noticed a boulder beetle
  7423 | D:9      | Found Ixylae's Jewellery Boutique.
  7500 | D:9      | Noticed a seven-headed hydra
  7507 | D:9      | Killed a seven-headed hydra
  7768 | D:9      | Noticed a white ugly thing
  7793 | D:9      | Killed a white ugly thing
  8206 | D:9      | Found a staircase to the Lair.
  8207 | D:9      | Noticed a centaur warrior
  8225 | D:9      | Killed a death yak
  8226 | D:9      | Reached XP level 11. HP: 30/92 MP: 23/23
  8494 | D:9      | Killed a centaur warrior
  8495 | D:9      | Reached skill level 5 in Fighting
  8618 | D:9      | Killed a death yak
  8648 | D:9      | Killed a death yak
  8888 | D:9      | Found a transporter.
  8933 | D:9      | Identified the ring of the Greedy {rElec Will+ Str-3 Int+3}
  8973 | D:9      | Found an ornate altar of the Wu Jian Council.
  9079 | Lair:1   | Entered Level 1 of the Lair of Beasts
  9593 | Lair:1   | Noticed Maggie
  9601 | Lair:1   | Killed Maggie
  9609 | Lair:1   | Noticed Nergalle
  9612 | Lair:1   | Noticed a spectral orc warlord
  9902 | Lair:1   | Noticed a spectral orc warlord
  9921 | Lair:1   | Killed Nergalle
  9922 | Lair:1   | Reached skill level 10 in Hexes
 10410 | Lair:1   | Identified a scroll of acquirement
 10850 | Lair:2   | Reached skill level 10 in Ranged Weapons
 11088 | Lair:2   | Reached XP level 12. HP: 106/107 MP: 24/24
 11135 | Lair:2   | Found a staircase to the Shoals.
 11181 | Lair:2   | Noticed a six-headed hydra
 11189 | Lair:2   | Killed a six-headed hydra
 11254 | Lair:2   | Acquired a book of Misfortune
 11256 | Lair:2   | Acquired the ring "Urokhlol" {rPois rC++ MP+9 Str-2 Slay+4}
 11751 | Lair:3   | Identified the +7 long sword "Ifong" {freeze, *Noise Will+
                  | Int+3}
 11769 | Lair:3   | Noticed a four-headed hydra
 11775 | Lair:3   | Killed a four-headed hydra
 11966 | Lair:3   | Noticed a four-headed hydra
 11973 | Lair:3   | Killed a four-headed hydra
 12184 | Lair:3   | Found a staircase to the Snake Pit.
 12199 | Lair:3   | Noticed a boulder beetle
 12206 | Lair:3   | Killed a boulder beetle
 12408 | Lair:4   | Identified the +8 rapier of Dueha {vorpal, Stlth+}
 12455 | Lair:4   | Noticed a five-headed hydra
 12466 | Lair:4   | Killed a five-headed hydra
 12872 | Lair:4   | Noticed a death yak
 12873 | Lair:4   | Noticed a death yak
 12878 | Lair:4   | Killed a death yak
 12878 | Lair:4   | Noticed a death yak
 12879 | Lair:4   | Reached XP level 13. HP: 116/116 MP: 25/25
 13454 | Lair:5   | Entered Level 5 of the Lair of Beasts
 14317 | Lair:5   | Reached skill level 15 in Hexes
 14771 | Lair:5   | Found a viscous altar of Jiyva.
 14771 | Lair:5   | Found a staircase to the Slime Pits.
 15109 | Lair:5   | Identified the +3 great sword of Adiri {speed, Fly}
 15588 | D:10     | Entered Level 10 of the Dungeon
 15695 | D:10     | Found a flagged portal.
 15773 | Bailey   | Entered a bailey
 16334 | D:10     | Gained mutation: You have acidic saliva. [Yellow Draconian
                  | growth]
 16334 | D:10     | Reached XP level 14. HP: 120/124 MP: 26/26
 16343 | D:10     | Found a basalt altar of Yredelemnul.
 16445 | D:10     | Found Utheiw's Distillery.
 16450 | D:10     | Bought a potion of curing for 45 gold pieces
 16450 | D:10     | Bought a potion of curing for 45 gold pieces
 16450 | D:10     | Bought a potion of curing for 45 gold pieces
 16450 | D:10     | Bought a potion of heal wounds for 75 gold pieces
 16873 | D:10     | Found a blossoming altar of Fedhas.
 17481 | D:11     | Noticed Amaemon
 17494 | D:11     | Killed Amaemon
 17521 | D:11     | Found Zaleuc's Assorted Antiques.
 17530 | D:11     | Bought a scroll of teleportation for 102 gold pieces
 17530 | D:11     | Bought a potion of curing for 102 gold pieces
 17530 | D:11     | Bought an arbalest for 153 gold pieces
 18205 | D:12     | Acquired 1106 gold pieces
 18899 | D:12     | Noticed Kirke
 18909 | D:12     | Killed Kirke
 18964 | D:12     | Found a staircase to the Orcish Mines.
 19116 | D:12     | Identified the +3 long sword of Compound Interest {elec,
                  | rF+ rCorr Int+2}
 19275 | Orc:1    | Entered Level 1 of the Orcish Mines
 19502 | Orc:1    | Noticed an orc warlord
 19509 | Orc:1    | Killed an orc warlord
 19957 | Orc:1    | Found a shimmering blue altar of Sif Muna.
 19971 | Orc:1    | Identified Sif Muna's Papyrus of the Entourage
 20048 | Orc:2    | Entered Level 2 of the Orcish Mines
 20284 | Orc:2    | Found a staircase to the Elven Halls.
 20417 | Orc:2    | Paralysed by an orc sorcerer for 5 turns
 21252 | Orc:2    | Noticed an orc warlord
 21267 | Orc:2    | Killed an orc warlord
 21721 | Orc:2    | Reached XP level 15. HP: 38/134 MP: 28/28
 21959 | Orc:2    | Found Qeoggal's General Store.
 21965 | Orc:2    | Bought a potion of heal wounds for 80 gold pieces
 21965 | Orc:2    | Bought a scroll of enchant armour for 120 gold pieces
 21965 | Orc:2    | Bought a scroll of teleportation for 48 gold pieces
 21965 | Orc:2    | Bought a potion of haste for 160 gold pieces
 21965 | Orc:2    | Bought a scroll of blinking for 120 gold pieces
 21975 | Orc:2    | Found Wodwov's Antique Weapon Shoppe.
 21991 | Orc:2    | Found Wykheoq's Jewellery Shoppe.
 22007 | Orc:2    | Found Domeerghu's Antique Armour Shoppe.
 22303 | Orc:2    | Reached ****** piety under Ashenzari
 22697 | D:13     | Learned a level 6 spell: Statue Form
 22740 | D:13     | Reached skill level 1 in Transmutations
 22871 | D:13     | Reached skill level 1 in Earth Magic
 23136 | D:14     | Noticed Rupert
 23136 | D:14     | Found a gate to the Vaults.
 23256 | D:14     | Noticed Jorgrun
 23278 | D:14     | Killed Jorgrun
 23747 | D:14     | Found a broken altar of Ashenzari.
 23999 | D:14     | Killed Rupert
 24064 | D:14     | Reached skill level 5 in Transmutations
 24096 | D:14     | Reached skill level 5 in Earth Magic
 24413 | D:15     | Entered Level 15 of the Dungeon
 24587 | D:15     | Found a staircase to the Depths.
 24587 | D:15     | Noticed a fire giant
 24592 | D:15     | Killed a fire giant
 24711 | D:15     | Identified the ring "Zinil" {rC+ Will+ Str+6}
 25100 | D:15     | Found Foas's Armour Boutique.
 25101 | D:15     | Found Yppu's Armour Boutique.
 25109 | D:15     | Found Zujoagio's General Store.
 25109 | D:15     | Found Xaisong's Jewellery Boutique.
 25117 | D:15     | Bought a potion of cancellation for 96 gold pieces
 25493 | Elf:1    | Entered Level 1 of the Elven Halls
 25646 | Elf:1    | Identified the cursed +2 pair of gloves of Ashenzari's
                  | Gloom {Evo, Elem} (You found it on level 5 of the Dungeon)
 25646 | Elf:1    | Identified the cursed +0 pair of boots of the Fated
                  | Negation {Range, Fort} (You found it on level 2 of the
                  | Dungeon)
 26357 | Snake:1  | Entered Level 1 of the Snake Pit
 26363 | Snake:1  | Found Buuguwabir's Distillery.
 26369 | Snake:1  | Bought a potion of heal wounds for 95 gold pieces
 26369 | Snake:1  | Bought a potion of heal wounds for 95 gold pieces
 26369 | Snake:1  | Bought a potion of curing for 57 gold pieces
 26502 | Snake:1  | Found a runed translucent gate.
 26503 | Snake:1  | Found a runed translucent gate.
 26504 | Snake:1  | Found a runed translucent gate.
 26509 | Snake:1  | Noticed Kimm's ghost (adept HOFi)
 27088 | Snake:1  | Identified the +7 chain mail "Jiwkail" {rCorr}
 27190 | Snake:1  | Reached XP level 16. HP: 120/141 MP: 29/29
 27941 | Snake:2  | Noticed Aizul
 28477 | Snake:1  | Killed Aizul
 29907 | Snake:3  | Reached skill level 10 in Transmutations
 30005 | Snake:3  | Reached skill level 10 in Earth Magic
 30419 | Snake:3  | Found Kas Gosch's CLEARANCE SALE!.
 30435 | Snake:3  | Bought a scroll of immolation for 36 gold pieces
 30435 | Snake:3  | Bought a potion of attraction for 27 gold pieces
 31919 | Shoals:1 | Entered Level 1 of the Shoals
 32372 | Shoals:1 | Noticed Frances
 32381 | Shoals:1 | Killed Frances
 32434 | Shoals:1 | Identified Sif Muna's Secrets of Scorched Bolts
 32455 | Shoals:1 | Learned a level 7 spell: Storm Form
 32470 | Shoals:1 | Reached skill level 1 in Air Magic
 32751 | Shoals:1 | Reached XP level 17. HP: 136/149 MP: 33/33
 32835 | Shoals:1 | Noticed a kraken
 32854 | Shoals:1 | Killed a kraken
 32904 | Shoals:1 | Identified Roxanne's Compendium of Grit
 32904 | Shoals:1 | Noticed Roxanne
 33360 | Shoals:1 | Killed Roxanne
 33988 | Shoals:2 | Reached skill level 5 in Air Magic
 34266 | Shoals:2 | Noticed Polyphemus
 34274 | Shoals:2 | Killed Polyphemus
 36020 | Shoals:3 | Found a transporter.
 36022 | Shoals:3 | Noticed LetschGu's ghost (adept SpHs)
 36025 | Shoals:3 | Found a transporter.
 36032 | Shoals:3 | Found a bloodstained altar of Trog.
 36154 | Shoals:3 | Reached skill level 10 in Spellcasting
 36492 | Shoals:3 | Learned a level 8 spell: Maxwell's Capacitive Coupling
 36492 | Shoals:3 | Upgraded the game from 0.30-a0-266-g2b27a225a3 to
                  | 0.30-a0-272-gf98c3da03f
 37369 | Elf:1    | Paralysed by an air elemental for 1 turns
 37941 | Snake:4  | Entered Level 4 of the Snake Pit
 38959 | Snake:4  | Found Rem Ytor's Firing Range.
 38968 | Snake:4  | Reached skill level 10 in Air Magic
 39083 | Snake:4  | Bought a +0 triple crossbow for 180 gold pieces
 39150 | Snake:4  | Reached XP level 18. HP: 144/157 MP: 36/36
 41906 | Snake:4  | Got a serpentine rune of Zot
 42836 | Shoals:4 | Entered Level 4 of the Shoals
 44315 | Shoals:4 | Got a barnacled rune of Zot
 44338 | Shoals:4 | Identified the +0 leather armour "Rorezot" {Rampage rPois
                  | rC+ rN+}
 45738 | Elf:1    | Paralysed by an air elemental for 1 turns
 45769 | Orc:2    | Identified the cursed +2 arbalest "Omen of the All-Knowing"
                  | {freeze, Range, Bglg} (You bought it in a shop on level 11
                  | of the Dungeon)
 45769 | Orc:2    | Identified the cursed scarf "Gnostic Inaction" {rC+ rF+,
                  | Elem, Self} (You found it on level 1 of the Dungeon)
 45838 | Elf:1    | Paralysed by an air elemental for 1 turns
 46531 | Elf:1    | Noticed Asterion
 46536 | Elf:1    | Killed Asterion
 46736 | Elf:1    | Reached skill level 15 in Air Magic
 47908 | Elf:1    | Found a runed translucent gate.
 47908 | Elf:1    | Found a runed translucent gate.
 47908 | Elf:1    | Found a runed translucent gate.
 47908 | Elf:1    | Found a runed translucent gate.
 47908 | Elf:1    | Found a runed translucent gate.
 47908 | Elf:1    | Found a runed translucent gate.
 48130 | Elf:2    | Noticed Saint Roka
 48174 | Elf:2    | Found a runed translucent door.
 48178 | Elf:2    | Found a shimmering altar of Xom.
 48178 | Elf:2    | Noticed DiceMaster's ghost (adept GnRe)
 48179 | Elf:2    | Identified the +0 quarterstaff "Jikhlaa" {chaos, rCorr}
 48225 | Elf:2    | Found a runed translucent gate.
 48225 | Elf:2    | Found a runed translucent gate.
 48225 | Elf:2    | Found a runed translucent gate.
 48905 | Elf:2    | Found Eqocvuf's Armour Boutique.
 48939 | Elf:2    | Found a radiant altar of Vehumet.
 48942 | Elf:3    | Entered Level 3 of the Elven Halls
 48983 | Elf:2    | Upgraded the game from 0.30-a0-272-gf98c3da03f to
                  | 0.30-a0-279-g4b46babb21
 49008 | Elf:2    | Reached XP level 19. HP: 72/145 MP: 33/37
 49102 | Elf:2    | Killed Saint Roka
 49999 | Elf:3    | Found Orrig's General Store.
 50002 | Elf:3    | Bought a potion of lignification for 39 gold pieces
 50009 | Elf:3    | Bought the +1 pair of boots of Tehuok {rElec Will+} for 378
                  | gold pieces
 50040 | Elf:3    | Found Xyesk's Antique Armour Shop.
 50590 | Elf:3    | Paralysed by an air elemental for 1 turns
 51324 | Elf:3    | Reached skill level 15 in Ranged Weapons
 52075 | Elf:3    | Identified the +4 spear "Worm" {drain, SInv Stlth+}
 52075 | Elf:3    | Identified the +3 leather armour of Ceynec {+Inv}
 52756 | Elf:3    | Identified the +5 bardiche "Unydgh" {freeze, rN++}
 52948 | Elf:3    | Identified the +0 hat of the Quahog {Harm Will+ Int-2
                  | Stlth+}
 52949 | Elf:3    | Identified the Almanac of Chthonic Blasts
 52985 | Elf:3    | Identified the Codex of Transformation
 52989 | Elf:3    | Identified the +7 arbalest "Norgho" {penet, rN+ Dex+2}
 52999 | Elf:3    | Identified the Folio of the Entrancing Gift
 53280 | Vaults:1 | Entered Level 1 of the Vaults
 53603 | Vaults:1 | Found a flickering gateway to a bazaar.
 53615 | Bazaar   | Entered a bazaar
 53697 | Bazaar   | Found Tixaegol's Assorted Antiques.
 53697 | Bazaar   | Found Datiupt's Antique Weapon Emporium.
 53708 | Bazaar   | Bought a scroll of enchant armour for 187 gold pieces
 53708 | Bazaar   | Bought a potion of haste for 250 gold pieces
 53708 | Bazaar   | Bought a scroll of teleportation for 75 gold pieces
 53708 | Bazaar   | Bought a scroll of butterflies for 100 gold pieces
 53719 | Bazaar   | Found Daffyl's Antique Weapon Shoppe.
 53719 | Bazaar   | Found Moapul's Armour Emporium.
 54062 | Vaults:1 | Reached skill level 1 in Stealth
 54884 | Vaults:1 | Reached XP level 20. HP: 152/170 MP: 37/37
 55302 | Vaults:1 | Found the +4 skin of Zhor {*Englaciate rC+++ SInv}
 55547 | Vaults:1 | Upgraded the game from 0.30-a0-279-g4b46babb21 to
                  | 0.30-a0-283-gf371ce1921
 55696 | Vaults:2 | Noticed Mara
 55701 | Vaults:2 | Killed Mara
 55838 | Vaults:2 | Noticed Zenata
 55847 | Vaults:2 | Reached skill level 5 in Dodging
 55847 | Vaults:2 | Reached skill level 5 in Stealth
 57541 | Vaults:2 | Killed Zenata
 59024 | Vaults:2 | Noticed Mennas
 59448 | Vaults:2 | HP: 2/170 [Mennas/+0 sacred scourge of holy wrath (22)]
 59448 | Vaults:2 | Mangled by Mennas

Illustrated notes

Levels and vault maps discovered:
D:1:      ncdulo_watergridlock, layout_basic, chequers_serial_rivers_small_a
D:2:      layout_loops_corners, basic_altar, minmay_hexomino_f4
D:3:      layout_rooms, nicolae_kikubaaqudgha_miasma_corner,
          hellmonk_ecumenical_altar_crossroads, mrwooster_statue_mirror,
          kennysheep_generic_room_10
D:4:      layout_basic, gammafunk_temple_overflow_arena
D:5:      layout_rooms, cheibriados_altar_1, uniq_menkaure, uniq_edmund
D:6:      nicolae_cairo_tiling_large_dashed, layout_rooms, serial_shops,
          nicolae_take_the_stairs, uniq_duvessa
D:7:      layout_basic, serial_undead, serial_undead_e, serial_undead_c,
          serial_undead_b, serial_undead_a, st_stairs_14
D:8:      layout_loops_ring, grunt_temple_overflow_open, uniq_maurice,
          uniq_gastronok
D:9:      gammafunk_the_bubble [the_bubble_gammafunk_grid], layout_rooms,
          nicolae_wu_jian_immortal_techniques, dpeg_lair_monsters, serial_shops,
          shop, nicolae_shop_waterfront, nicolae_shop_stone, shop_statue,
          minmay_shattered_shrine
D:10:     layout_gridville, nicolae_yredelemnul_corpse_copse,
          lemuel_doored_altar, enter_bailey_3, serial_shops,
          kennysheep_little_box
D:11:     layout_loops_ring, serial_shops, nicolae_stop_n_shop_2,
          lightli_minifort, uniq_amaemon
D:12:     layout_roguey, orc_0_dummy, uniq_kirke
D:13:     layout_big_octagon, kennysheep_generic_room_15
D:14:     layout_long_grid, david_vaults_3, nicolae_ashenzari_panopticon,
          uniq_jorgrun
D:15:     grunt_enter_depths_giant_problem, layout_gridville,
          minmay_misc_feat_encased, minmay_misc_feat_roman,
          nicolae_twisting_strands, minmay_shop_grid_forest
Lair:1:   layout_loops_ring, serial_bayou_shore_b, lemuel_fruit_fields,
          grunt_megastairs_3, serial_bayou_shore_a, lemuel_fruit_fields,
          uniq_nergalle, uniq_maggie
Lair:2:   layout_layer_cave, elwin_shoals_entry_stream
Lair:3:   layout_big_grid, guppyfry_snake_entry_island
Lair:4:   layout_roguey, serial_bayou_lagoon_a, cheibrodos_lair_reptile_den
Lair:5:   minmay_lair_end_enchanted_forest, layout_loops_ring,
          dpeg_slime_entry_enclosed, serial_bayou_shore_b
Shoals:1: layout_shoals, uniq_frances, uniq_roxanne
Shoals:2: layout_shoals, uniq_polyphemus
Shoals:3: layout_shoals, gammafunk_ghost_wrathful_warriors
Shoals:4: shoals_end_grunt_ice, layout_shoals
Snake:1:  layout_grid_maze, gammafunk_ghost_necromancy, minmay_shop_star
Snake:2:  layout_onion, serial_bayou_shore_b, uniq_aizul
Snake:3:  layout_grid_shapes, nicolae_shop_clearance
Snake:4:  hellmonk_snake_rune_quicksilver_temple, layout_gridlike,
          nicolae_shop_firing_range
Orc:1:    layout_diamond_mine, basic_altar, led_sif_book
Orc:2:    grunt_orc_cross, layout_caves
Elf:1:    layout_onion_city, orc_legates, uniq_asterion
Elf:2:    elven_hall_of_blades_hangedman_original [mumra_blade_entry_bloodbath],
          layout_gridlike, basic_altar, ebering_ghost_xom, serial_shops, shop,
          hex_large, uniq_saint_roka
Elf:3:    elf_hall, layout_gridlike, minmay_shoptagon, grunt_megastairs_4
Vaults:1: hangedman_vaults_stagger, hangedman_vaults_snaps,
          grunt_vaults_diagonal, hangedman_vaults_stretched_pinwheel, v_misc_24,
          st_lines, vaults_mumra_minichess, vaults_mumra_lcd,
          hangedman_vaults_restitches, v_pattern_2, layout_vaults_big_room,
          serial_shops, bzr_firewalk
Vaults:2: v_misc_13, nicolae_vaults_network_barrier, vaults_room_boxed,
          v_misc_13, v_pattern_3, grunt_vaults_twisty, vaults_dpeg_ring,
          layout_vaults_omnigrid, uniq_zenata, uniq_mennas, uniq_mara

Skill      XL: |  1  2  3  4  5  6  7  8  9 10 11 12 13 14 15 16 17 18 19 20 |
---------------+-------------------------------------------------------------+-----
Ranged Weapons | 2 3 4 5 7 8 10 13 14 17 | 17.0
Hexes          | 3 4 5 6 7 9 10 13 16 17 | 17.0
Spellcasting   | 2 3 4 5 6 8 10 | 10.2
Poison Magic   | 1 2 4 5 7 |  7.6
Fighting       | 4 8 9 |  9.1
Transmutations | 8 11 | 11.0
Earth Magic    | 7 10 | 10.7
Air Magic      | 2 10 16 | 16.3
Dodging        | 3 7 |  7.6
Stealth        | 3 7 |  7.0

Action                   |  1- 3 |  4- 6 |  7- 9 | 10-12 | 13-15 | 16-18 | 19-21 || total
-------------------------+-------+-------+-------+-------+-------+-------+-------++-------
 Fire: Sling             |   188 |    87 |   372 |   718 |   605 |       |       ||  1970
       Arbalest          |       |       |       |       |   830 |  1621 |   766 ||  3217
 Cast: Inner Flame       |       |     5 |    14 |    41 |    69 |   129 |    15 ||   273
       Slow              |       |     5 |    14 |    22 |     1 |     4 |       ||    46
       Tukima's Dance    |       |       |     1 |     3 |       |     1 |       ||     5
       Poisonous Vapours |       |       |     1 |     3 |       |     1 |       ||     5
       Cause Fear        |       |       |     4 |    17 |     4 |    12 |     2 ||    39
       Portal Projectile |       |       |       |     3 |     5 |    38 |    15 ||    61
       Olgreb's Toxic Ra |       |       |       |    21 |    20 |     9 |     2 ||    52
       Statue Form       |       |       |       |       |     1 |     7 |     1 ||     9
       Maxwell's Capacit |       |       |       |       |       |     1 |    25 ||    26
       Storm Form        |       |       |       |       |       |     1 |     1 ||     2
Invok: Curse Item        |       |     3 |     3 |     2 |     3 |     1 |     1 ||    13
       Shatter the Chain |       |       |       |     1 |     3 |       |     2 ||     6
 Abil: Breathe Acid      |       |       |     4 |     2 |       |     1 |     1 ||     8
       End Transformatio |       |       |       |       |       |     2 |       ||     2
Evoke: Wand              |       |       |       |       |     6 |       |     3 ||     9
       Condenser vane    |       |       |       |       |     1 |     1 |     1 ||     3
       Box of beasts     |       |       |       |       |       |       |     1 ||     1
       Phantom mirror    |       |       |       |       |       |       |     1 ||     1
  Use: Scroll            |     2 |     1 |     2 |     7 |    11 |    12 |    12 ||    47
       Potion            |       |       |       |       |     4 |     3 |    10 ||    17
Armor: Skin              |    59 |     7 |    94 |   134 |   247 |   283 |   142 ||   966
Dodge: Dodged            |   122 |    19 |   159 |   179 |   354 |   475 |   232 ||  1540
Block: Buckler           |       |       |       |    84 |    74 |       |       ||   158

Table legend: (Time is in decaauts)
 A = Elapsed time spent in this place.
 B = Non-inter-level travel time spent in this place.
 C = Inter-level travel time spent in this place.
 D = Time resting spent in this place.
 E = Time spent auto-exploring this place.
 F = Levels seen in this place.
 G = Mean time per level.
                   A        B        C        D        E       F      G
               +--------+--------+--------+--------+--------+-----+--------+
         Total |  62093 |  57791 |   4302 |  23773 |  17904 |  37 | 1678.2 |
       Dungeon |  16308 |  15056 |   1252 |   3714 |   8110 |  15 | 1087.2 |
          Lair |   7260 |   6606 |    654 |   2325 |   3177 |   5 | 1452.0 |
        Shoals |   8067 |   7670 |    397 |   4066 |   1521 |   4 | 2016.8 |
     Snake Pit |  10969 |  10072 |    897 |   5144 |   2571 |   4 | 2742.2 |
  Orcish Mines |   4261 |   3845 |    416 |   1919 |    978 |   2 | 2130.5 |
   Elven Halls |   8447 |   8121 |    326 |   3858 |    776 |   3 | 2815.7 |
        Vaults |   6266 |   5909 |    357 |   2711 |    623 |   2 | 3133.0 |
        Bazaar |    152 |    152 |      0 |      0 |    145 |   1 |  152.0 |
        Bailey |    358 |    358 |      0 |     34 |      0 |   1 |  358.0 |
               +--------+--------+--------+--------+--------+-----+--------+

Top non-repeatable levels by time:
 Snake:4: 4150 daAuts
   Elf:3: 3411 daAuts
   Elf:1: 3366 daAuts
Vaults:2: 3250 daAuts
Vaults:1: 3015 daAuts
 Snake:1: 2602 daAuts
   Orc:2: 2495 daAuts
 Snake:3: 2317 daAuts
Shoals:2: 2314 daAuts
Shoals:3: 2168 daAuts
Shoals:4: 2129 daAuts
  Lair:1: 1944 daAuts
 Snake:2: 1899 daAuts
   Orc:1: 1766 daAuts
     D:8: 1732 daAuts
